 Dungeon Crawl Stone Soup version 0.29.0-4-gdea44cf6ec (webtiles) character file.

Game seed: 13494961429432305147

182 qw the Chopper (level 5, -4/32 HPs)
             Began as a Gargoyle Fighter on Sept 6, 2022.
             Slain by a gnoll
             ... wielding a +0 halberd
              (12 damage)
             ... on level 3 of the Dungeon.
             The game lasted 00:01:11 (2885 turns).

qw the Chopper (Gargoyle Fighter)                   Turns: 2885, Time: 00:01:11

Health: -4/32      AC:  0    Str: 22      XL:     5   Next: 61%
Magic:  5/5        EV: 17    Int:  6 (8)  God:
Gold:   152        SH:  0    Dex: 14      Spells: 4/4 levels left

rFire   . . .      SeeInvis .   (weapon currently unavailable)
rCold   . . .      Faith    .   (shield currently unavailable)
rNeg    + . .      Spirit   .   (body armour currently unavailable)
rPois   inf        Reflect  .   (helmet currently unavailable)
rElec   .          Harm     .   (cloak currently unavailable)
rCorr   .          Rampage  .   (gloves currently unavailable)
Will    .....                   (boots currently unavailable)
Stlth   +.........              (no amulet)
HPRegen 0.10/turn               (ring currently unavailable)
MPRegen 0.09/turn               (ring currently unavailable)

@: bat-form, flying, very quick
A: fast, flying, no casting, sickness immunity, AC +4, tiny, negative energy
resistance 1, (electricity resistance), torment resistance 1, petrification
resistance
a: no special abilities


You were on level 3 of the Dungeon.
You were a bat.
You visited 1 branch of the dungeon, and saw 3 of its levels.

You collected 152 gold pieces.


Innate Abilities, Weirdness & Mutations

You are a bat.
You are tiny and dextrous.
You move quickly.
You are flying.
Your equipment is almost entirely melded.
You are incapable of wielding weapons or throwing items.
You cannot cast spells.
You are immune to sickness and miasma.
((Your stone body is resilient. (AC +4)))
You are immune to poison.
You resist negative energy. (rN+)
((You are resistant to electric shocks. (rElec)))
You are resistant to unholy torment.
You are immune to petrification.


   Skills:
 - Level 3.3 Fighting
 - Level 5.1 Axes
 - Level 3.2 Armour
 + Level 0.0 Dodging
 - Level 3.2 Shields


You had 4 spell levels left.
You didn't know any spells.
Your spell library was empty.

Inventory:

Hand Weapons
 a - a +0 flail
 Y - a +1 war axe (melded)
Armour
 b - a +0 scale mail (melded)
 c - a +0 buckler (melded)
 e - a +0 chain mail
 j - a +0 leather armour of fire resistance
 p - a +0 cloak (melded)
Jewellery
 f - a ring of protection from fire (melded)
 i - a ring of protection from cold
 m - a +4 ring of protection (melded)
Scrolls
 h - a scroll of teleportation
 k - 2 scrolls of identify
Potions
 d - a potion of might
 g - 4 potions of curing
 n - a potion of attraction {unknown}

Dungeon Overview and Level Annotations

Branches:
Dungeon (3/15)

Altars:

Annotations:
D:3 Ijyb


Message History

You hit Ijyb but do no damage.
Ijyb is lightly wounded.
You hit Ijyb.
Ijyb is lightly wounded.
Ijyb hits you with a +0 club!
2876 ||| READING 2 scrolls of teleportation.
As you read the scroll of teleportation, it crumbles to dust.
You feel strangely unstable. Ijyb misses you.
2877 ||| DRINKING potion of heal wounds.
You feel much better. Ijyb completely misses you.
You hit Ijyb but do no damage.
Ijyb is lightly wounded.
Ijyb hits you with a +0 club.
You hit Ijyb but do no damage.
Ijyb is lightly wounded.
Ijyb closely misses you.
You hit Ijyb but do no damage.
Ijyb is lightly wounded.
Ijyb hits you with a +0 club.
You hit Ijyb but do no damage.
Ijyb is lightly wounded.
Your surroundings suddenly seem different. 3 gnolls come into view.
Found a robe.
A gnoll comes into view. It is wielding a +0 spear.
The gnoll shouts! x3
The gnoll completely misses you. The gnoll closely misses you.
You hit the gnoll but do no damage. The gnoll misses you.
The gnoll closely misses you.
You hit the gnoll.
The gnoll is lightly wounded.
The gnoll closely misses you. The gnoll barely misses you.
The gnoll completely misses you.
You hit the gnoll.
The gnoll is moderately wounded.
The gnoll hits you from afar with a +0 spear!
The gnoll closely misses you. The gnoll hits you with a +0 halberd!
You die...

. ## #. .. #. .#
#.# .# # ..#.#
#.# ...###...
#...####......[.
#...g....#
#....g.b##
.......g#
#....g..#
#######.. ###


You could see 4 gnolls.

Vanquished Creatures
  A hound (D:3)
  An iguana (D:3)
  2 orc wizards (D:3)
  A worm (D:3)
  8 orcs (D:3)
  9 ball pythons
  5 bats
  3 endoplasms
  2 giant cockroaches
  3 goblins
  8 hobgoblins
  4 jackals (D:3)
  4 quokkas
  2 frilled lizards (D:1)
  4 kobolds
  7 rats
64 creatures vanquished.

Notes
Turn   | Place    | Note
-------+----------+-------------------------------------------
     0 | D:1      | qw the Gargoyle Fighter began the quest for the Orb.
     0 | D:1      | Reached XP level 1. HP: 14/14 MP: 1/1
     0 | D:1      | 0 ||| qw: Version: 0.1-a-108-g9e35731
     0 | D:1      | 0 ||| qw: Game counter: 6300
     0 | D:1      | 0 ||| qw: Always use a shield: true
     0 | D:1      | 0 ||| qw: God list: Okawaru
     0 | D:1      | 0 ||| qw: Allow faded altars: false
     0 | D:1      | 0 ||| qw: Do Orc after D:15 true
     0 | D:1      | 0 ||| qw: Do second Lair branch before Depths: true
     0 | D:1      | 0 ||| qw: Lair rune preference: random
     0 | D:1      | 0 ||| qw: Plans: Normal, Zot, God:TSO, Crypt, Tomb, Zig,
                  | Orb
     0 | D:1      | 0 ||| PLANNING D:1-11
    36 | D:1      | Reached skill level 2 in Axes
   261 | D:1      | Reached XP level 2. HP: 19/19 MP: 2/2
   441 | D:1      | 441 ||| DROPPING +0 club.
   759 | D:1      | Reached skill level 3 in Axes
   909 | D:1      | You fall into a shaft and drop 1 floor!
   913 | D:2      | 913 ||| UPGRADING to ring of protection from fire.
   914 | D:2      | 914 ||| READING scroll labelled NEMUMOU MAZXEDD.
   915 | D:2      | 915 ||| READING 2 scrolls labelled OPPEWY UZ ANO.
   917 | D:2      | Found a faded altar of an unknown god.
   923 | D:2      | Reached XP level 3. HP: 23/23 MP: 3/3
  1037 | D:2      | 1037 ||| READING scroll labelled IMOACZONTIC.
  1138 | D:2      | 1138 ||| READING scroll labelled LYELLU LAEVUSH.
  1139 | D:2      | 1139 ||| DRINKING 4 fuming grey potions.
  1147 | D:2      | 1147 ||| Stepping ~*~*~tactically~*~*~ (stealth).
  1213 | D:1      | 1213 ||| Stepping ~*~*~tactically~*~*~ (stealth).
  1541 | D:1      | 1541 ||| READING scroll labelled HALIRO QEJOMN.
  1695 | D:2      | 1695 ||| Stepping ~*~*~tactically~*~*~ (stealth).
  1802 | D:2      | 1802 ||| Stepping ~*~*~tactically~*~*~ (stealth).
  1806 | D:2      | 1806 ||| Stepping ~*~*~tactically~*~*~ (stealth).
  2223 | D:2      | 2223 ||| UPGRADING to +0 cloak.
  2228 | D:2      | 2228 ||| UPGRADING to +4 ring of protection.
  2229 | D:2      | 2229 ||| READING scroll labelled RIFEAG ZUEHYPH.
  2230 | D:2      | 2230 ||| READING scroll labelled JIBALE ETUAPPOOFO.
  2231 | D:2      | 2231 ||| READING scroll labelled ESIEF AW UDO.
  2232 | D:2      | 2232 ||| DRINKING 2 puce potions.
  2233 | D:2      | 2233 ||| READING 2 scrolls of identify.
  2233 | D:2      | 2233 ||| IDENTIFYING coppery potion
  2234 | D:2      | 2234 ||| DROPPING potion of degeneration.
  2265 | D:3      | 2265 ||| Stepping ~*~*~tactically~*~*~ (hiding).
  2270 | D:3      | 2270 ||| Stepping ~*~*~tactically~*~*~ (stealth).
  2276 | D:3      | Reached skill level 4 in Axes
  2276 | D:3      | Reached XP level 4. HP: 25/28 MP: 4/4
  2276 | D:3      | 2276 ||| FLEEEEING.
  2277 | D:3      | 2277 ||| FLEEEEING.
  2279 | D:3      | 2279 ||| STAIRDANCE
  2315 | D:3      | 2315 ||| DROPPING +0 whip.
  2391 | D:3      | 2391 ||| Stepping ~*~*~tactically~*~*~ (stealth).
  2392 | D:3      | 2392 ||| Stepping ~*~*~tactically~*~*~ (stealth).
  2467 | D:3      | 2467 ||| Stepping ~*~*~tactically~*~*~ (stealth).
  2480 | D:3      | Reached XP level 5. HP: 29/32 MP: 5/5
  2724 | D:3      | Reached skill level 5 in Axes
  2851 | D:3      | Noticed Ijyb
  2853 | D:3      | 2853 ||| Stepping ~*~*~tactically~*~*~ (hiding).
  2875 | D:3      | HP: 2/32 [Ijyb/+0 club (7)]
  2876 | D:3      | 2876 ||| READING 2 scrolls of teleportation.
  2877 | D:3      | 2877 ||| DRINKING potion of heal wounds.
  2885 | D:3      | HP: 8/32 [gnoll/+0 spear (9)]
  2885 | D:3      | Slain by a gnoll

Levels and vault maps discovered:
D:1:      wander_arrival_chamber, layout_loops_ring
D:2:      layout_rooms, ebering_ecumenical_altar_sacrificial
D:3:      layout_rooms, wander_ebering_terrifying_dragon_lair, uniq_ijyb

Skill      XL: |  1  2  3  4  5 |
---------------+----------------+-----
Axes           | 2 3 4 5 |  5.1
Fighting       | |  3.3
Armour         | |  3.2
Shields        | |  3.2

Action                   |  1- 3 |  4- 6 || total
-------------------------+-------+-------++-------
Melee: War axe           |   137 |    53 ||   190
       Unarmed           |       |    23 ||    23
  Use: Scroll            |     9 |     1 ||    10
       Potion            |     2 |     1 ||     3
Armor: Scale mail        |    68 |    38 ||   106
Dodge: Dodged            |    70 |    43 ||   113
Block: Buckler           |    27 |    13 ||    40

Table legend:
 A = Non-vault XP
 B = Vault XP
 C = Vault XP percentage of total XP
 D = Non-vault monster count
 E = Vault monster count
 F = Vault count percentage of total count
                 A         B        C        D         E       F
            +---------+---------+-------+---------+---------+-------
      Total |     260 |       0 |   0.0 |      64 |       0 |   0.0
            +---------+---------+-------+---------+---------+-------
        D:1 |      37 |       0 |   0.0 |      23 |       0 |   0.0
        D:2 |      25 |       0 |   0.0 |      17 |       0 |   0.0
        D:3 |     198 |       0 |   0.0 |      24 |       0 |   0.0
            +---------+---------+-------+---------+---------+-------
